 Dungeon Crawl Stone Soup version 0.27.0-1-g7a089689b8 (webtiles) character file.

Game seed: 13592112679744573777

256 Sobieck the Insei (level 6, -3/41 HPs)
             Began as an Octopode Transmuter on Aug 10, 2021.
             Slain by a wyvern (5 damage)
             ... on level 5 of the Dungeon on Aug 11, 2021.
             The game lasted 00:12:35 (4435 turns).

Sobieck the Insei (Octopode Transmuter)             Turns: 4435, Time: 00:12:36

Health: -3/41      AC:  1    Str: 10    XL:     6   Next: 15%
Magic:  10/10      EV: 13    Int: 17    God:
Gold:   225        SH:  0    Dex: 12    Spells: 4/10 levels left

rFire    . . .     SeeInvis .     - Unarmed
rCold    . . .     Faith    .   (no shield)
rNeg     . . .     Spirit   .   (helmet restricted)
rPois    .         Reflect  .   (no amulet)
rElec    .         Harm     .   (no ring)
rCorr    .         Rampage  .   (no ring)
Will     .....                  (no ring)
Stlth    ++........             (no ring)
HPRegen  0.13/turn              (no ring)
MPRegen  0.12/turn              (no ring)
                                (no ring)
                                (no ring)

@: no status effects
A: almost no armour, amphibious, 8 rings, camouflage 1, gelatinous body 1,
(nimble swimmer 1), tentacles
a: no special abilities


You were on level 5 of the Dungeon.
You visited 1 branch of the dungeon, and saw 5 of its levels.

You collected 225 gold pieces.


Innate Abilities, Weirdness & Mutations

You cannot wear most types of armour.
You are amphibious.
You can wear up to eight rings at the same time.
Your skin changes colour to match your surroundings (Stealth+).
Your rubbery body absorbs attacks. (AC +1, EV +1)
((You are camouflaged near water. (Stealth+)))
You have tentacles for arms and can constrict up to eight enemies at once.


   Skills:
 + Level 2.4 Fighting
 + Level 3.0 Dodging
 * Level 4.4 Unarmed Combat
 + Level 2.9 Spellcasting
 + Level 3.0 Transmutations
 - Level 1.0 Poison Magic


You had 4 spell levels left.
You knew the following spells:

 Your Spells              Type           Power      Damage    Failure   Level
a - Beastly Appendage     Tmut           24%        N/A       4%          1
b - Wereblood             Tmut           12%        N/A       8%          2
c - Spider Form           Tmut/Pois      4%         N/A       22%         3

Your spell library contained the following spells:

 Spells                   Type           Power      Damage    Failure   Level
 Foxfire                  Conj/Fire      8%         2x1d4     19%         1
 Poisonous Vapours        Pois/Air       8%         N/A       22%         2
 Corpse Rot               Necr/Air       N/A        N/A       26%         2
 Ignite Poison            Fire/Tmut/Pois 7%         N/A       30%         3
 Mephitic Cloud           Conj/Pois/Air  3%         N/A       43%         3
 Conjure Flame            Conj/Fire      2%         6-21      47%         3
 Inner Flame              Hex/Fire       2%         N/A       47%         3
 Ice Form                 Ice/Tmut       7%         N/A       67%         4
 Bolt of Magma            Conj/Fire/Erth 1%         4d4       99%         5
 Freezing Cloud           Conj/Ice/Air   1%         6-21      99%         5

Inventory:

Hand Weapons
 b - a +4 hunting sling of freezing {sling}
   (You found it on level 1 of the Dungeon)
Missiles
 a - 32 bolts
 f - 7 boomerangs (quivered) {throwing}
 g - 177 stones {throwing}
 j - 48 arrows
 k - 5 curare-tipped darts {=fthrowing}
 l - 10 poisoned darts {throwing}
 p - 16 sling bullets
Magical Staves
 m - a staff of cold {!astaff}
   (You found it on level 2 of the Dungeon)
 s - a staff of cold {!astaff}
   (You found it on level 3 of the Dungeon)
Wands
 c - a wand of iceblast (7)
   (You found it on level 4 of the Dungeon)
Scrolls
 d - 3 scrolls of teleportation {@r4}
 e - a scroll of identify {@r1}
 i - a scroll of fear
 r - 2 scrolls of blinking {!r}
Potions
 o - a potion of mutation {!q}

Dungeon Overview and Level Annotations

Branches:
Dungeon (5/15)
 Temple: D:4-7

Altars:
Fedhas
Qazlal
Trog

Annotations:
D:3 Sigmund

#......>'.........+,,,,,
#.......#.........#*,,,,
#######.#.........#*,,,,
#.######+#+##*,,,,
#.........,,,,,,,,
#.######.#,***,,,, #.#
*,*,* *,,,,
######.######.*,***,***
#.....@.......*,,,,,,,,
#.####l#########,,,,,**
##+##...........+,,,,,*
#...#.#.#########,,,,,**
#...#.#.########*,,,,,,,
#...'.#.........,,,,,,,,
#...##########..,,,,,,,,
**#.((**** *,,,,,**,,,
*.....,,,* *,,,,,,*,,,


You could see a wyvern.


Message History

The centaur skeleton kicks you but does no damage.
The centaur skeleton hits you. The centaur skeleton kicks you.
You bludgeon the centaur skeleton! The centaur skeleton hits you.
The centaur skeleton closely misses you.
You tentacle-slap the centaur skeleton. You squeeze the centaur skeleton.
The centaur skeleton closely misses you.
The centaur skeleton kicks you.
You are too injured to fight recklessly!
You are too injured to fight recklessly!
You are too injured to fight recklessly!
You tentacle-slap the centaur skeleton. You squeeze the centaur skeleton.
You destroy the centaur skeleton!
Your Dodging skill increases to level 3!
Your Transmutations skill increases to level 3!
You have reached level 6!
Your experience leads to an increase in your attributes!
Increase (S)trength, (I)ntelligence, or (D)exterity?
You feel clever.
Unknown command.
You open the door.
An ufetubus comes into view.
Danger!
Your +4 hunting sling of freezing {sling} is covered in frost.
b - a +4 hunting sling of freezing (weapon)
{sling} You shoot a stone {throwing}.
The stone {throwing} hits the ufetubus!
The stone {throwing} freezes the ufetubus.
You kill the ufetubus!
No target in view!
A wyvern comes into view.
There is an open door here.
Danger!
You shoot a stone {throwing}.
The stone {throwing} hits the wyvern but does no damage.
You shoot a stone {throwing}.
The stone {throwing} closely misses the wyvern.
You shoot a stone {throwing}.
The stone {throwing} hits the wyvern but does no damage.
You shoot a stone {throwing}.
The stone {throwing} hits the wyvern but does no damage.
The wyvern misses you.
Your +4 hunting sling of freezing {sling} stops glowing.
You are now empty-tentacled.
The wyvern barely misses you.
You completely miss the wyvern. The wyvern misses you.
You tentacle-slap the wyvern but do no damage.
Your squeeze misses the wyvern. The wyvern bites you!
You are too injured to fight recklessly!
You are too injured to fight recklessly!
Unknown command.
You tentacle-slap the wyvern.
You squeeze the wyvern, but do no damage.
The wyvern bites you.
* * * LOW HITPOINT WARNING * * *
The wyvern completely misses you.
Unknown command.
The wyvern closely misses you. The wyvern bites you!
* * * LOW HITPOINT WARNING * * *
Aiming: Iceblast
Press: ? - help, Shift-Dir - straight line, p - wyvern The mass of ice explodes!
The iceblast engulfs the wyvern!
You hear an angry hiss.
The wyvern closely misses you.
You don't have any such object.
Evoke which item? (* to show all) (? for menu, Esc to quit)
You don't have any such object.
Evoke which item? (* to show all) (? for menu, Esc to quit)
You don't have any such object.
Evoke which item? (* to show all) (? for menu, Esc to quit)
You don't have any such object.
Evoke which item? (* to show all) (? for menu, Esc to quit)
You don't have any such object.
Evoke which item? (* to show all) (? for menu, Esc to quit)
You don't have any such object.
Evoke which item? (* to show all) (? for menu, Esc to quit)
You don't have any such object.
Evoke which item? (* to show all) (? for menu, Esc to quit)
That's the wrong kind of item! (Use * to select it.) Evoke which item? (* to show all) (? for menu, Esc to quit)
Okay, then.
Unknown command.
Attack: -) Tentacles
Press: ? - help, Dir - move target, f - wyvern
Aim: a wyvern (moderately wounded, about 40% to evade your tentacles)
Okay, then.
Unknown command.
You feel much better. The wyvern closely misses you.
The wyvern barely misses you.
Unknown command.
You barely miss the wyvern. The wyvern barely misses you.
Unknown command.
You tentacle-slap the wyvern. Your squeeze misses the wyvern.
The wyvern bites you. x2
* * * LOW HITPOINT WARNING * * *
Unknown command.
You tentacle-slap the wyvern but do no damage.
The wyvern bites you!
* * * LOW HITPOINT WARNING * * *
Unknown command.
The wyvern bites you.
You die...

Skill      XL: |  1  2  3  4  5 |
---------------+----------------+-----
Fighting       | 2 |  2.4
Unarmed Combat | 4 |  4.4
Poison Magic   | 1 |  1.0
Dodging        | 3 |  3.0
Transmutations | 3 |  3.0
Spellcasting   | |  2.9

Action                   |  1- 3 |  4- 6 || total
-------------------------+-------+-------++-------
Melee: Unarmed           |    26 |    37 ||    63
       Constrict         |    12 |     6 ||    18
       Tentacles         |     2 |    11 ||    13
       Kick              |     2 |     2 ||     4
       Punch             |       |     1 ||     1
 Fire: Hunting sling     |    45 |    87 ||   132
Throw: Boomerang         |     1 |     2 ||     3
 Cast: Beastly Appendage |     2 |     1 ||     3
       Wereblood         |     1 |     1 ||     2
Evoke: Wand              |       |     1 ||     1
  Use: Scroll            |       |    11 ||    11
       Potion            |       |     1 ||     1
 Stab: Sleeping          |     1 |       ||     1
Armor: Skin              |     3 |     4 ||     7
Dodge: Dodged            |    22 |    27 ||    49

Levels and vault maps discovered:
D:1:      sevenhm_arrival_forest_fort_large_3, layout_basic, serial_rivers,
          chequers_serial_rivers_micro_a, chequers_serial_rivers_micro_b,
          chequers_serial_rivers_marsh, chequers_serial_rivers_small_a,
          chequers_serial_rivers_room_b, shapermc_ecumenical_altar_starsandcircs
D:2:      layout_loops_corners
D:3:      layout_loops_ring, mainiacjoe_overflow_alcove_4, uniq_terence,
          uniq_sigmund
D:4:      layout_cave_pools, nicolae_qazlal_eye_of_the_storm,
          hangedman_abyss_or_decor_lesser_grid, amcnicky_mini_pool_small
D:5:      layout_basic, mainiacjoe_overflow_chevrons

Notes
Turn   | Place    | Note
-------+----------+-------------------------------------------
     0 | D:1      | Sobieck the Octopode Transmuter began the quest for the
                  | Orb.
     0 | D:1      | Reached XP level 1. HP: 13/13 MP: 3/3
   186 | D:1      | You pick up a book of Flames and begin reading...
   186 | D:1      | You add the spells Foxfire, Conjure Flame and Inner Flame
                  | to your library.
   493 | D:1      | Reached XP level 2. HP: 18/18 MP: 1/5
   846 | D:1      | Learned a level 2 spell: Wereblood
  1052 | D:1      | Found a faded altar of an unknown god.
  1290 | D:2      | Reached XP level 3. HP: 23/23 MP: 6/6
  1812 | D:2      | Reached XP level 4. HP: 27/28 MP: 7/7
  2020 | D:2      | Learned a level 3 spell: Spider Form
  2549 | D:3      | Noticed Terence
  2681 | D:2      | Killed Terence
  2682 | D:2      | Reached skill level 2 in Fighting
  2682 | D:2      | Reached skill level 4 in Unarmed Combat
  2682 | D:2      | Reached XP level 5. HP: 15/34 MP: 8/8
  3081 | D:3      | Noticed Sigmund
  3155 | D:3      | Reached skill level 1 in Poison Magic
  3240 | D:3      | Found a bloodstained altar of Trog.
  3696 | D:4      | Found a stormy altar of Qazlal.
  3828 | D:4      | You pick up a book of Vapours and begin reading...
  3828 | D:4      | You add the spells Poisonous Vapours, Corpse Rot and
                  | Freezing Cloud to your library.
  4040 | D:4      | You add the spells Ignite Poison, Mephitic Cloud and Bolt
                  | of Magma to your library.
  4151 | D:5      | Entered Level 5 of the Dungeon
  4193 | D:5      | Found a blossoming altar of Fedhas.
  4325 | D:5      | Reached skill level 3 in Dodging
  4325 | D:5      | Reached skill level 3 in Transmutations
  4325 | D:5      | Reached XP level 6. HP: 31/41 MP: 10/10
  4417 | D:5      | Noticed a wyvern
  4429 | D:5      | HP: 10/41 [wyvern (9)]
  4434 | D:5      | HP: 2/41 [wyvern (17)]
  4435 | D:5      | Slain by a wyvern

Vanquished Creatures
  A centaur skeleton (D:5)
  A hound (D:5)
  Terence (D:2)
  An iguana (D:4)
  A hound skeleton (D:2)
  4 adders
  A shadow imp (D:4)
  An ufetubus (D:5)
  3 worms
  An adder skeleton (D:4)
  4 dart slugs
  5 ball pythons
  5 endoplasms
  2 giant cockroaches
  8 hobgoblins
  4 jackals (D:2)
  6 kobolds
  3 quokkas
  4 bats
  5 frilled lizards
  8 goblins
  2 rats (D:2)
71 creatures vanquished.

Table legend:
 A = Non-vault XP
 B = Vault XP
 C = Vault XP percentage of total XP
 D = Non-vault monster count
 E = Vault monster count
 F = Vault count percentage of total count
                 A         B        C        D         E       F
            +---------+---------+-------+---------+---------+-------
      Total |     330 |      36 |   9.8 |      70 |       1 |   1.4
            +---------+---------+-------+---------+---------+-------
        D:1 |      29 |       0 |   0.0 |      15 |       0 |   0.0
        D:2 |      98 |      36 |  26.9 |      29 |       1 |   3.3
        D:3 |      50 |       0 |   0.0 |      15 |       0 |   0.0
        D:4 |      64 |       0 |   0.0 |       8 |       0 |   0.0
        D:5 |      89 |       0 |   0.0 |       3 |       0 |   0.0
            +---------+---------+-------+---------+---------+-------

Illustrated notes

Table legend:
 A = Kills in this place as a percentage of kills in entire the game.
 B = Kills by you in this place as a percentage of kills by you in the entire game.
 C = Kills by friends in this place as a percentage of kills by friends in the entire game.
 D = Other kills in this place as a percentage of other kills in the entire game.
 E = Experience gained in this place as a percentage of experience gained in the entire game.
 F = Experience gained in this place divided by the number of levels of this place that you have seen.
                   A       B       C       D       E      F
               +-------+-------+-------+-------+-------+----------------------
         Total | 100.0 | 100.0 |   N/A |   N/A | 100.0 |  73.2
       Dungeon | 100.0 | 100.0 |   N/A |   N/A | 100.0 |  73.2
               +-------+-------+-------+-------+-------+----------------------

Table legend: (Time is in decaauts)
 A = Elapsed time spent in this place.
 B = Non-inter-level travel time spent in this place.
 C = Inter-level travel time spent in this place.
 D = Time resting spent in this place.
 E = Time spent auto-exploring this place.
 F = Levels seen in this place.
 G = Mean time per level.
                   A        B        C        D        E       F      G
               +--------+--------+--------+--------+--------+-----+--------+
         Total |   4444 |   4301 |    143 |    479 |   2792 |   5 |  888.8 |
       Dungeon |   4444 |   4301 |    143 |    479 |   2792 |   5 |  888.8 |
               +--------+--------+--------+--------+--------+-----+--------+

Top non-repeatable levels by time:
     D:2: 1387 daAuts
     D:1: 1230 daAuts
     D:3: 1029 daAuts
     D:4: 515 daAuts
     D:5: 281 daAuts
